 Dungeon Crawl Stone Soup version 0.27.0-1-g7a089689b8 (webtiles) character file.

Game seed: 6548937578467614435

2004 pkoi the Archer (level 9, -8/79 HPs)
             Began as a Minotaur Hunter on Aug 12, 2021.
             Was an Initiate of Dithmenos.
             Killed from afar by Maggie (20 damage)
             ... with a bolt of fire
             ... on level 6 of the Dungeon on Aug 13, 2021.
             The game lasted 00:10:16 (6215 turns).

pkoi the Archer (Minotaur Hunter)                   Turns: 6215, Time: 00:10:17

Health: -8/79      AC:  6    Str: 18    XL:     9   Next: 2%
Magic:  8/8        EV:  7    Int:  8    God:    Dithmenos [......]
Gold:   261        SH:  0    Dex: 13    Spells: 8/8 levels left

rFire    . . .     SeeInvis .   b - +1 dagger (venom)
rCold    . . .     Faith    .   (no shield)
rNeg     . . .     Spirit   .   c - +0 leather armour
rPois    .         Reflect  .   (helmet restricted)
rElec    .         Harm     .   l - +1 cloak
rCorr    .         Rampage  .   (no gloves)
Will     .....                  p - +0 pair of boots
Stlth    ++........             (no amulet)
HPRegen  0.23/turn              (no ring)
MPRegen  0.11/turn              (no ring)

@: mesmerised, held
A: horns 2, retaliatory headbutt
a: Renounce Religion


You were on level 6 of the Dungeon.
You worshipped Dithmenos.
Dithmenos was noncommittal.
You visited 1 branch of the dungeon, and saw 6 of its levels.
You also visited: Ossuary.

You collected 349 gold pieces.
You spent 88 gold pieces at shops.

Inventory:

Hand Weapons
 a - a +2 shortbow of flaming
 b - a +1 dagger of venom (weapon)
 i - a +0 dagger
Missiles
 d - 56 arrows
Armour
 c - a +0 leather armour (worn)
 l - a +1 cloak (worn)
 p - a +0 pair of boots (worn)
Wands
 e - a wand of polymorph (14)
 n - a wand of flame (17)
Scrolls
 f - 5 scrolls of identify
 g - a scroll of blinking
 k - a scroll of magic mapping
 m - a scroll of amnesia
 o - a scroll of enchant armour
Potions
 h - a potion of cancellation
 j - 2 potions of heal wounds


   Skills:
 + Level 7.3 Fighting
 * Level 10.0 Bows
 + Level 6.6 Dodging
 - Level 1.9 Stealth


You had 8 spell levels left.
You didn't know any spells.
Your spell library contained the following spells:

 Spells                   Type           Power      Damage    Failure   Level
 Sublimation of Blood     Necr           0%         N/A       61%         2
 Petrify                  Tmut/Erth      0%         N/A       99%         4
 Irradiate                Conj/Tmut      0%         3d13      100%        5


Dungeon Overview and Level Annotations

Branches:
Dungeon (6/15)            Ossuary (visited)
 Temple: D:4-7

Altars:
Dithmenos
Fedhas
Makhleb
Nemelex Xobeh
Okawaru
Sif Muna
Uskayaw
The Shining One

Shops:
D:1 ?*   D:2 ?=   D:5 [

Annotations:
D:4 3 runed translucent doors, hilljack's ghost, novice MiGl; mainiacjoe's ghost, amateur DjAE
D:6 Maggie


Innate Abilities, Weirdness & Mutations

You have a pair of horns on your head.
You reflexively headbutt those who attack you in melee.


Message History

The gnoll hits you but does no damage. x2
You cannot move away from Maggie!
Your +2 shortbow of flaming stops flaming.
Your +1 dagger of venom begins to drip with poison!
b - a +1 dagger of venom (weapon)
You tear a large gash into the net.
Maggie gestures wildly while chanting.
Maggie draws you further into her thrall.
The iguana bites you! The gnoll closely misses you. You furiously retaliate!
You headbutt the gnoll.
A jelly comes into view.
The gnoll hits you from afar with a +0 spear.
Maggie points at you and mumbles some strange words.
The bolt of fire hits the gnoll!!
The gnoll dies!
The bolt of fire hits you!!
The jelly quivers.
You struggle against the net.
Maggie casts a spell.
Maggie draws you further into her thrall.
The iguana barely misses you.
The gnoll hits you from afar with a +0 spear!
* * * LOW HITPOINT WARNING * * *
The gnoll hits you with a +0 whip.
* * * LOW HITPOINT WARNING * * *
Unknown command.
Blink to where?
Press: ? - help, Dir - move target You cannot blink away from Maggie!
Blink to where?
Press: ? - help, Dir - move target, f - you
Okay, then.
Unknown command.
Unknown command.
You struggle against the net.
Maggie barely misses you. The iguana bites you.
* * * LOW HITPOINT WARNING * * *
The gnoll hits you but does no damage.
Maggie points at you and mumbles some strange words.
The bolt of fire hits you!!
You die...

....... .......
....... ##.......
#J)......
#######@g......
...
.......)g..))..
.). #@lo.(o((.
#.#
#..........####.#
##....... #..o..#
#...... #....o#
..#### #.....##
### #.oFZ<..
#.....## #######


You could see Maggie (mesmerising, fast), an iguana, a jelly, 2 orc wizards and
2 gnolls.

Vanquished Creatures
  Pikel (D:4)
  Grinder (D:5)
  A water moccasin (D:5)
  An ogre (D:5)
  An elf zombie (Ossuary)
  A bullfrog (D:6)
  2 scorpions (D:4)
  4 killer bees
  A bullfrog zombie (D:5)
  A gnoll shaman (D:5)
  2 human zombies (Ossuary)
  3 hounds
  A jelly (D:6)
  3 iguanas
  A centaur skeleton (D:5)
  Natasha (twice) (D:3)
  An orc wizard (D:4)
  2 hound skeletons (D:4)
  5 mummies
  Robin (D:2)
  3 gnolls
  6 adders
  A shadow imp (D:5)
  An ufetubus (D:5)
  4 dart slugs
  6 worms
  10 orcs
  7 endoplasms
  3 giant cockroaches
  11 goblins
  12 hobgoblins
  14 jackals
  4 quokkas
  5 ball pythons
  4 bats
  8 frilled lizards
  3 goblin zombies
  A hobgoblin zombie (Ossuary)
  3 jackal zombies (Ossuary)
  11 kobolds
  2 kobold skeletons (D:5)
  2 kobold zombies
  2 orc skeletons (D:5)
  4 orc zombies
  6 rats
  A rat zombie (Ossuary)
169 creatures vanquished.

Vanquished Creatures (others)
  A gnoll (D:6)
  6 withered plants (D:4)
7 creatures vanquished.

Grand Total: 176 creatures vanquished

Notes
Turn   | Place    | Note
-------+----------+-------------------------------------------
     0 | D:1      | pkoi the Minotaur Hunter began the quest for the Orb.
     0 | D:1      | Reached XP level 1. HP: 18/18 MP: 0/0
    17 | D:1      | Found Anwegg's General Store.
   138 | D:1      | Found a faded altar of an unknown god.
   177 | D:1      | Reached skill level 1 in Stealth
   199 | D:1      | Reached XP level 2. HP: 25/25 MP: 1/1
   277 | D:1      | Found Muequyk's Magic Scroll Shop.
   660 | D:2      | Reached XP level 3. HP: 30/30 MP: 2/2
   758 | D:2      | Reached skill level 5 in Bows
   978 | D:2      | Reached XP level 4. HP: 38/38 MP: 3/3
  1487 | D:2      | Found Bish's Magic Scroll Boutique.
  1585 | D:2      | Found Dyihoes's Jewellery Boutique.
  1616 | D:1      | Bought 22 arrows for 44 gold pieces
  1616 | D:1      | Bought 22 arrows for 44 gold pieces
  1692 | D:2      | Noticed Robin
  1699 | D:2      | Killed Robin
  1987 | D:3      | Reached XP level 5. HP: 43/45 MP: 4/4
  2329 | D:3      | Found a sparkling altar of Nemelex Xobeh.
  2332 | D:3      | Found a hide-covered altar of Uskayaw.
  2347 | D:3      | Found a shimmering blue altar of Sif Muna.
  2660 | D:3      | Noticed Natasha
  2670 | D:3      | Killed Natasha
  2882 | D:3      | Noticed Natasha
  2886 | D:3      | Killed Natasha
  2887 | D:3      | Reached skill level 6 in Bows
  3103 | D:4      | Noticed a lemure
  3105 | D:4      | Noticed Pikel
  3108 | D:4      | Noticed a lemure
  3108 | D:4      | Noticed a lemure
  3113 | D:4      | Reached XP level 6. HP: 52/52 MP: 5/5
  3127 | D:4      | Killed Pikel
  3128 | D:4      | Reached skill level 5 in Fighting
  3128 | D:4      | Reached skill level 7 in Bows
  3128 | D:4      | Reached XP level 7. HP: 58/61 MP: 6/6
  3795 | D:4      | Reached skill level 8 in Bows
  3795 | D:4      | Reached skill level 5 in Dodging
  3889 | D:4      | Found a runed translucent gate.
  3890 | D:4      | Found a runed translucent gate.
  3890 | D:4      | Found a runed translucent gate.
  3891 | D:4      | Noticed hilljack's ghost (novice MiGl)
  3892 | D:4      | Noticed mainiacjoe's ghost (amateur DjAE)
  4289 | D:5      | Entered Level 5 of the Dungeon
  4307 | D:4      | HP: 2/62 [killer bee (7)]
  4313 | D:4      | Reached XP level 8. HP: 33/70 MP: 7/7
  4573 | D:5      | Found a sand-covered staircase.
  4583 | Ossuary  | Entered an ossuary
  5057 | D:5      | Found an iron altar of Okawaru.
  5179 | D:5      | Reached skill level 9 in Bows
  5214 | D:5      | Found a shadowy altar of Dithmenos.
  5224 | D:5      | Became a worshipper of Dithmenos the Shadowed
  5586 | D:5      | Found a glowing golden altar of the Shining One.
  5769 | D:5      | Found a burning altar of Makhleb.
  5837 | D:5      | Found a blossoming altar of Fedhas.
  5955 | D:5      | Noticed Grinder
  5962 | D:5      | Killed Grinder
  6029 | D:5      | Found Buagg's Antique Armour Emporium.
  6172 | D:5      | Reached skill level 10 in Bows
  6172 | D:5      | Reached XP level 9. HP: 78/79 MP: 8/8
  6197 | D:6      | Noticed Maggie
  6215 | D:6      | Killed from afar by Maggie

Illustrated notes

Levels and vault maps discovered:
D:1:      nicolae_arrival_memento_mori, layout_rooms, serial_shops, shop, shop,
          chequers_ecumenical_altar_simple, roderic_roman_lattice
D:2:      wad_river_or_something, layout_loops_ring, serial_shops,
          nicolae_shop_crystal, nicolae_lakefront_shop,
          minmay_fractal_squares_5, uniq_robin
D:3:      layout_rooms, grunt_temple_overflow_diamond, minmay_misc_feat_plants,
          minmay_misc_feat_more_columns, uniq_natasha
D:4:      layout_loops_corners, gammafunk_ghost_cemetery, uniq_pikel
D:5:      layout_basic, grunt_temple_overflow_open, fedhas_altar_fruit_tree,
          nicolae_tso_besieged_by_evil, marbit_many_paths, serial_shops, shop,
          nicolae_ossuary_entry_giza, uniq_grinder
D:6:      layout_rooms, temple_pool_b, uniq_maggie

Skill      XL: |  1  2  3  4  5  6  7  8 |
---------------+-------------------------+-----
Stealth        | 1 |  1.9
Fighting       | 3 4 5 7 |  7.3
Bows           | 5 6 7 8 10 | 10.0
Dodging        | 3 4 5 6 |  6.6

Action                   |  1- 3 |  4- 6 |  7- 9 || total
-------------------------+-------+-------+-------++-------
Melee: Dagger            |     5 |    56 |    15 ||    76
       Headbutt          |     2 |     7 |     5 ||    14
 Fire: Shortbow          |    75 |   118 |   192 ||   385
  Use: Scroll            |       |     7 |     5 ||    12
       Potion            |       |       |     4 ||     4
 Stab: Sleeping          |     1 |     2 |       ||     3
Armor: Leather armour    |     6 |    18 |    32 ||    56
       Skin              |       |     2 |     5 ||     7
Dodge: Dodged            |    10 |    36 |    78 ||   124
